 Dungeon Crawl Stone Soup version 0.20.1-1-g8b1a95d (webtiles) character file.

121 tidbits the Insei (level 4, 0/34 HPs)
             Began as a Demigod Transmuter on Aug 31, 2017.
             Slain by an iguana (11 damage)
             ... on level 4 of the Dungeon.
             The game lasted 00:07:04 (694 turns).

tidbits the Insei (Demigod Transmuter)               Turns: 694, Time: 00:07:04

Health: 0/34       AC:  2    Str: 13    XL:     4   Next: 48%
Magic:  7/9        EV: 19    Int: 19    God:
Gold:   57         SH:  0    Dex: 21    Spells: 1/7 levels left

rFire    . . .     SeeInvis .     - Unarmed
rCold    . . .     Gourm    +   (shield currently unavailable)
rNeg     . . .     Faith    .   (armour currently unavailable)
rPois    x         Spirit   .   (helmet currently unavailable)
rElec    .         Reflect  .   (cloak currently unavailable)
rCorr    .         Harm     .   (gloves currently unavailable)
MR       .....                  (boots currently unavailable)
Stlth    ++........             l - amulet of the gourmand
Regen    0.2/turn               (no ring)
MPRegen  0.2/turn               (no ring)

@: spider-form (expiring)
A: high mp 1
a: End Transformation


You were on level 4 of the Dungeon.
You were hungry.
You were a venomous arachnid creature.
You visited 1 branch of the dungeon, and saw 4 of its levels.

You collected 57 gold pieces.

Inventory:

Missiles
 a - 28 arrows
Armour
 b - a +0 robe (melded)
 e - a +0 ring mail
 h - a +0 buckler
Jewellery
 l - an amulet of the gourmand (around neck)
   (You found it on level 3 of the Dungeon)
Scrolls
 g - a scroll of remove curse {unknown}
 i - a scroll of identify
 j - 2 scrolls of amnesia {unknown}
Potions
 m - a potion of heal wounds {unknown}
Books
 c - a book of Changes

   Spells                             Type                      Level
   a - Beastly Appendage              Transmutation                1
   b - Sticks to Snakes               Transmutation                2
   c - Spider Form                    Transmutation/Poison         3
   d - Ice Form                       Ice/Transmutation            4
   e - Blade Hands                    Transmutation                5
Comestibles
 d - 2 bread rations


   Skills:
 - Level 0.8 Fighting
 - Level 1.7 Dodging
 * Level 4.3 Unarmed Combat
 - Level 2.0 Spellcasting
 + Level 2.8 Transmutations


You had one spell level left.
You knew the following spells:

 Your Spells              Type           Power        Failure   Level  Hunger
e - Beastly Appendage     Tmut           ##....       16%         1    #......
k - Sticks to Snakes      Tmut           ##......     22%         2    ###....
p - Spider Form           Tmut/Pois      #.........   50%         3    ###....


Dungeon Overview and Level Annotations

Branches:
Dungeon (4/15)
 Temple: D:4-7

Shops:
D:4 !%*[


Innate Abilities, Weirdness & Mutations

You have an increased reservoir of magic. (+10% MP)


Message History

Your ball python barely misses the orc wizard.
The orc hits your ball python with a short sword!
Your ball python dies!
Your ball python closely misses the orc wizard.
Your ball python misses the orc wizard.
You barely miss the orc.
The orc is lightly wounded.
The orc hits you but does no damage.
The orc wizard hits you with a dagger of holy wrath.
* * * LOW HITPOINT WARNING * * *
Your ball python bites the orc wizard but does no damage.
Your ball python closely misses the orc wizard.
You closely miss the orc wizard. The orc barely misses you.
The orc wizard hits you with a dagger of holy wrath.
* * * LOW HITPOINT WARNING * * *
Your ball python completely misses the orc wizard.
Your ball python grabs the orc wizard.
Your ball python constricts the orc wizard.
You hit the orc wizard but do no damage.
The orc wizard is poisoned.
The orc wizard is lightly wounded.
Your transformation is almost over.
Your ball python bites the orc wizard.
Your ball python constricts the orc wizard.
The orc completely misses you. The orc wizard barely misses you.
You hit the orc wizard but do no damage.
The orc wizard looks as sick as possible!
The orc wizard is heavily wounded.
Your ball python bites the orc wizard but does no damage.
Your ball python constricts the orc wizard.
The orc hits you with a short sword.
* * * LOW HITPOINT WARNING * * *
The orc wizard mumbles some strange words.
The orc wizard struggles to blink free from constriction.
You hit the orc wizard.
The orc wizard is almost dead.
Your ball python barely misses the orc wizard.
Your ball python constricts the orc wizard.
The orc completely misses you.
The orc wizard mumbles some strange words.
The orc wizard blinks free!
You closely miss the orc.
You kill the orc wizard!
The orc hits you with a short sword.
* * * LOW HITPOINT WARNING * * *
You feel better.
Your ball python bites the orc.
Your ball python closely misses the orc.
The orc hits your ball python with a short sword!
Your ball python dies!
The orc shouts!
You barely miss the orc.
The orc is lightly wounded.
The orc hits you with a short sword.
* * * LOW HITPOINT WARNING * * *
You are feeling hungry.
You barely miss the orc.
The orc is lightly wounded.
You see here a hound corpse.
You hit the orc.
The orc is poisoned.
The orc is almost dead.
Your transformation has ended.
Your +0 robe unmelds from your body.
You kill the orc!
A quokka comes into view.
The quokka moves out of view.
Found a leather armour.
Okay, then.
Press: ? - help, v - describe, . - travel
Here: an orc, wielding a vampiric hand axe The floor.
An iguana comes into view.
Magic courses through your body.
Casting: Spider Form
Confirm with . or Enter, or press ? or * to list all spells.
You turn into a venomous arachnid creature.
Your +0 robe melds into your body.
The orc closely misses you.
You hit the orc but do no damage.
The orc is poisoned.
The orc closely misses you.
You hit the orc.
The orc looks as sick as possible!
The orc is heavily wounded.
The orc hits you but does no damage.
You barely miss the orc.
The orc is severely wounded.
The orc barely misses you.
You hit the orc.
You kill the orc!
The quokka bites you.
* * * LOW HITPOINT WARNING * * *
You hit the quokka.
The quokka is poisoned.
The quokka is moderately wounded.
Your transformation is almost over.
The quokka closely misses you.
You bite the quokka!
You kill the quokka!
You hit the iguana but do no damage.
The iguana is poisoned.
The iguana completely misses you.
You hit the iguana.
The iguana looks as sick as possible!
The iguana is moderately wounded.
The iguana bites you!
You die...

...).# #.##.#
..##.# #..#.# #
....r# #. #)##.#
#.#### ..##.#
#....##
#.##.######...####
...............ls+
###########...####
#..## #.## #.# #..
##. .


You could see an iguana.

Vanquished Creatures
  A hound (D:4)
  An orc wizard (D:4)
  Terence (D:2)
  3 dart slugs
  A leopard gecko (D:2)
  2 orcs (D:4)
  5 bats
  4 goblins (D:1)
  A hobgoblin (D:1)
  2 jackals (D:1)
  4 quokkas
  A ball python (D:1)
  3 frilled lizards
  3 kobolds
  4 rats
36 creatures vanquished.

Notes
Turn   | Place    | Note
-------+----------+-------------------------------------------
     0 | D:1      | tidbits the Demigod Transmuter began the quest for the Orb.
     0 | D:1      | Reached XP level 1. HP: 15/15 MP: 5/5
    12 | D:1      | Reached skill level 2 in Spellcasting
   139 | D:1      | Reached skill level 3 in Unarmed Combat
   144 | D:1      | Reached skill level 2 in Transmutations
   144 | D:1      | Reached XP level 2. HP: 22/22 MP: 2/7
   148 | D:1      | Learned a level 2 spell: Sticks to Snakes
   496 | D:3      | Noticed Terence
   505 | D:2      | Killed Terence
   505 | D:2      | Reached XP level 3. HP: 12/27 MP: 6/8
   517 | D:2      | Learned a level 3 spell: Spider Form
   606 | D:3      | Found a shattered altar of Ashenzari.
   638 | D:4      | Found Yhuopu's Food Shoppe.
   638 | D:4      | Found Quaqocs's Distillery.
   642 | D:4      | Found Higic's Antique Armour Shoppe.
   642 | D:4      | Found Rise's Assorted Antiques.
   651 | D:4      | Reached skill level 4 in Unarmed Combat
   651 | D:4      | Reached XP level 4. HP: 20/34 MP: 2/9
   694 | D:4      | Slain by an iguana

Skill      XL: |  1  2  3 |
---------------+----------+-----
Spellcasting   | 2 |  2.0
Unarmed Combat | 3 4 |  4.3
Transmutations | 2 |  2.8
Fighting       | |  0.8
Dodging        | |  1.7

Action                   |  1- 3 |  4- 6 || total
-------------------------+-------+-------++-------
Melee: Unarmed           |    74 |    19 ||    93
       Kick              |    19 |       ||    19
       Punch             |     1 |       ||     1
 Cast: Beastly Appendage |    22 |       ||    22
       Sticks to Snakes  |     4 |       ||     4
       Spider Form       |     2 |     2 ||     4
  Use: Scroll            |     3 |       ||     3
       Potion            |     1 |     2 ||     3
 Stab: Sleeping          |     2 |       ||     2
Armor: Robe              |    15 |       ||    15
       Skin              |     1 |     1 ||     2
Dodge: Dodged            |    53 |    10 ||    63

Table legend:
 A = Turns spent in this place as a percentage of turns spent in the entire game.
 B = Non-inter-level travel turns spent in this place as a percentage of non-inter-level travel turns spent in the entire game.
 C = Inter-level travel turns spent in this place as a percentage of turns spent in this place.
 D = Turns resting spent in this place as a percentage of non-inter-level travel turns spent in this place.
 E = Turns spent auto-exploring this place as a percentage of non-inter-level travel turns spent in this place.
 F = Non-inter-level travel turns spent in this place divided by the number of levels of this place that you've seen.
                   A       B       C       D       E      F
               +-------+-------+-------+-------+-------+----------------------
         Total | 100.0 | 100.0 |   0.0 |   0.0 |   0.0 | 161.0
       Dungeon | 100.0 | 100.0 |   0.0 |   0.0 |   0.0 | 161.0
               +-------+-------+-------+-------+-------+----------------------

Table legend:
 A = Kills in this place as a percentage of kills in entire the game.
 B = Kills by you in this place as a percentage of kills by you in the entire game.
 C = Kills by friends in this place as a percentage of kills by friends in the entire game.
 D = Other kills in this place as a percentage of other kills in the entire game.
 E = Experience gained in this place as a percentage of experience gained in the entire game.
 F = Experience gained in this place divided by the number of levels of this place that you have seen.
                   A       B       C       D       E      F
               +-------+-------+-------+-------+-------+----------------------
         Total | 100.0 | 100.0 |  -nan |  -nan | 100.0 |  43.2
       Dungeon | 100.0 | 100.0 |  -nan |  -nan | 100.0 |  43.2
               +-------+-------+-------+-------+-------+----------------------

Vault maps used:
D:1:      ncdulo_watergridlock
D:2:      gammafunk_temple_overflow_wave, first_bread
D:3:      old_standard_altar, ashenzari_altar_1, uniq_terence, uniq_natasha,
          uniq_sigmund
D:4:      temple_statues, minmay_shop_grid_forest
